 Dungeon Crawl Stone Soup version 0.23-a0-182-g58cdd98 (webtiles) character file.

9 iamserjio the Stinger (level 2, -3/24 HPs)
             Began as a Draconian Wanderer on Sept 20, 2018.
             Slain by a kobold
             ... wielding a +0 short sword
              (7 damage)
             ... on level 1 of the Dungeon.
             The game lasted 00:01:01 (414 turns).

iamserjio the Stinger (Draconian Wanderer)           Turns: 414, Time: 00:01:02

Health: -3/24      AC:  4    Str: 16    XL:     2   Next: 6%
Magic:  3/3        EV: 16    Int: 11    God:
Gold:   11         SH:  0    Dex: 14    Spells: 3/3 levels left

rFire    . . .     SeeInvis .   b - +0 mace
rCold    . . .     Gourm    .   (no shield)
rNeg     . . .     Faith    .   (armour unavailable)
rPois    .         Spirit   .   (helmet restricted)
rElec    .         Reflect  .   (no cloak)
rCorr    .         Harm     .   (no gloves)
MR       .....                  (no boots)
Stlth    +++.......             (no amulet)
HPRegen  0.08/turn              (no ring)
MPRegen  0.08/turn              (no ring)

@: agile
A: unfitting armour, cold-blooded, AC +4
a: no special abilities


You were on level 1 of the Dungeon.
You were not hungry.

You visited 1 branch of the dungeon, and saw 1 of its levels.

You collected 11 gold pieces.

Inventory:

Hand Weapons
 b - a +0 mace (weapon)
 d - a +0 blowgun
Missiles
 c - 12 poisoned needles
Jewellery
 e - a cursed ring of teleportation {unknown}
Scrolls
 a - a scroll of magic mapping {unknown}
 h - a scroll of teleportation {unknown}
Comestibles
 f - 2 rations
 i - 2 chunks of flesh


   Skills:
 - Level 2.1 Fighting
 - Level 1.0 Maces & Flails
 - Level 1.0 Throwing
 - Level 1.0 Stealth
 * Level 1.7 Unarmed Combat
 - Level 1.0 Spellcasting
   Level 1.0 Summonings
   Level 3.0 Poison Magic


You had 3 spell levels left.
You didn't know any spells.
Your spell library contained the following spells:

 Spells                   Type           Power        Failure   Level  Hunger
 Sting                    Conj/Pois      #...         17%         1    ##.....
 Poisonous Vapours        Pois/Air       #.....       26%         2    ###....
 Mephitic Cloud           Conj/Pois/Air  #.......     54%         3    ####...
 Olgreb's Toxic Radiance  Pois           #.......     67%         4    #####..
 Venom Bolt               Conj/Pois      #.........   99%         5    ######.


Dungeon Overview and Level Annotations

Branches:
Dungeon (1/15)

Altars:


Innate Abilities, Weirdness & Mutations

Your plain brown scales are hard. (AC +4)
You cannot fit into any form of body armour.
You are cold-blooded and may be slowed by cold attacks.


Message History

The kobold barely misses you.
You barely miss the kobold. The kobold hits you but does no damage.
You closely miss the kobold.
Your tail-slap misses the kobold.
The kobold hits you with a short sword.
You barely miss the kobold.
The kobold hits you with a short sword. x2
You barely miss the kobold. The kobold hits you with a short sword.
* * * LOW HITPOINT WARNING * * *
You closely miss the kobold. The kobold hits you with a short sword.
* * * LOW HITPOINT WARNING * * *
You aren't carrying any items that you can evoke.
Unknown command.
It was a potion of agility.
You feel agile all of a sudden. The kobold hits you but does no damage.
You closely miss the kobold. The kobold hits you but does no damage.
The kobold completely misses you.
You closely miss the kobold. The kobold completely misses you.
You barely miss the kobold.
Your tail-slap misses the kobold.
The kobold hits you with a short sword!
You die...

#. #) #...........
#...........
#...........
#......#'#..
#......#.#..
#########+##......#.#)#
#......................
.#...........######..#.#
>.....K@$....# #........
.............###.##..#.#
........................
###########.############
#.# #.# #.# #.# ..


You could see a kobold.

Vanquished Creatures
  2 leopard geckos (D:1)
  A ball python (D:1)
  A goblin (D:1)
  A hobgoblin (D:1)
  A kobold (D:1)
  A rat (D:1)
7 creatures vanquished.

Notes
Turn   | Place    | Note
-------+----------+-------------------------------------------
     0 | D:1      | iamserjio the Draconian Wanderer began the quest for the
                  | Orb.
     0 | D:1      | iamserjio set off with: a +0 mace, 12 poisoned needles, a
                  | +0 blowgun, a ration
     0 | D:1      | Reached XP level 1. HP: 17/17 MP: 2/2
    45 | D:1      | Reached skill level 1 in Unarmed Combat
   357 | D:1      | Reached XP level 2. HP: 20/24 MP: 3/3
   414 | D:1      | Slain by a kobold

Vault maps used:
D:1:      dpeg_arrival_round_b, roderic_lattice_a, st_stairs_6,
          minmay_misc_feat_plants, nrook_mini_backslash

Skill      XL: |  1 |
---------------+----+-----
Unarmed Combat | 1 |  1.7
Fighting       | |  2.1
Maces & Flails | |  1.0
Throwing       | |  1.0
Stealth        | |  1.0
Spellcasting   | |  1.0
Summonings     | |  1.0
Poison Magic   | |  3.0

Action                   || total
-------------------------++-------
Melee: Mace              ||    53
       Tailslap          ||     3
  Use: Potion            ||     1
Armor: Skin              ||    17
Dodge: Dodged            ||    32

Table legend:
 A = Non-vault XP
 B = Vault XP
 C = Vault XP percentage of total XP
 D = Non-vault monster count
 E = Vault monster count
 F = Vault count percentage of total count
                 A         B        C        D         E       F
            +---------+---------+-------+---------+---------+-------
      Total |      14 |       0 |   0.0 |       7 |       0 |   0.0
            +---------+---------+-------+---------+---------+-------
        D:1 |      14 |       0 |   0.0 |       7 |       0 |   0.0
            +---------+---------+-------+---------+---------+-------
